Map: Simulacrum LE

Players

petersilie - Winner!

  • Race: Terran Terran
  • League: Gold
  • Spawn Location: 11:00

ImpriG

  • Race: Protoss Protoss
  • League: Gold
  • Spawn Location: 5:00

VOD

Have the link to the VOD?

Description

Time

  • Played on: Jan. 4, 2020, 2:06 p.m.
  • Length: 16:01
Show
View Real Time Build Order
Export as new Build Order

petersilie Terran - Winner!

Build Orders: Mech 

Get SALT Encoding   

  12  0:02  SCV  
  14  0:14  SCV  
  14  0:18  Supply Depot  
  14  0:26  SCV  
  15  0:39  SCV  
  16  0:45  Barracks  
  16  0:49  Refinery  
  16  0:52  SCV  
  17  1:06  SCV  
  18  1:18  SCV  
  20  1:33  Orbital Command  
  19  1:51  Reaper  
  19  1:53  Supply Depot  
  20  2:04  SCV  
  21  2:18  Factory  
  21  2:19  Command Center  
  21  2:23  SCV  
  22  2:31  Barracks Tech Lab  
  22  2:35  SCV  
  23  2:39  Refinery  
  23  2:47  SCV  
  24  2:59  SCV  
  25  3:11  SCV  
  26  3:23  SCV  
  26  3:26  Siege Tank  
  30  3:32  Barracks Reactor  
  30  3:35  Orbital Command  
  30  3:36  SCV  
  31  3:48  SCV  
  32  3:55  Supply Depot x2  
  32  4:00  SCV  
  33  4:04  SCV  
  33  4:07  Starport  
  34  4:12  SCV  
  34  4:16  SCV  
  36  4:22  Supply Depot  
  36  4:24  Supply Depot, SCV  
  36  4:28  SCV  
  36  4:29  Siege Tank  
  41  4:36  SCV  
  42  4:40  SCV  
  42  4:42  Refinery  
  42  4:43  Refinery  
  43  4:46  Command Center  
  43  4:48  SCV  
  43  4:49  Engineering Bay, Armory  
  43  4:52  SCV  
  45  5:00  SCV  
  45  5:01  Siege Tank  
  45  5:04  SCV  
  50  5:12  SCV  
  51  5:16  SCV  
  52  5:24  SCV  
  53  5:29  SCV  
  53  5:33  Siege Tank  
  53  5:35  Barracks Reactor  
  57  5:37  SCV  
  57  5:41  SCV  
  59  5:49  SCV  
  60  5:50  Barracks  
  60  5:53  Medivac x2, SCV  
  65  6:01  SCV  
  65  6:13  Marine  
  65  6:14  Marine  
  67  6:18  Supply Depot  
  67  6:19  Supply Depot  
  67  6:20  Supply Depot, Terran Vehicle Weapons Level 1  
  67  6:24  Supply Depot, Orbital Command  
  67  6:25  Armory  
  67  6:31  Marine x2  
  69  6:33  Siege Tank  
  72  6:49  Marine x2  
  72  6:51  Orbital Command  
  74  7:05  Siege Tank, Factory  
  74  7:07  Marine x2, Factory  
  79  7:09  Factory  
  79  7:25  Marine  
  80  7:39  SCV x2  
  82  7:50  SCV  
  82  7:51  SCV x2  
  85  7:59  Factory Tech Lab x2  
  85  8:00  Factory Reactor  
  85  8:02  SCV  
  85  8:03  Thor, SCV x2  
  94  8:27  Thor  
  94  8:28  Thor  
  95  8:46  Thor  
  99  8:58  Hellbat x2  
  99  9:01  Terran Vehicle And Ship Armor Level 1  
  103  9:05  Refinery  
  103  9:06  Refinery  
  103  9:10  Siege Tank  
  103  9:11  Siege Tank  
  109  9:20  Hellbat x2  
  113  9:29  Siege Tank  
  116  9:41  Hellbat x2  
  116  9:43  Siege Tank  
  116  9:44  SCV x2  
  125  9:51  Thor  
  125  9:52  Supply Depot, SCV  
  132  9:53  Supply Depot x2  
  132  9:54  Supply Depot  
  132  9:56  SCV x2  
  132  9:59  Supply Depot  
  134  10:00  Supply Depot  
  134  10:03  Siege Tank  
  134  10:04  SCV  
  134  10:06  Hellbat  
  140  10:08  SCV  
  140  10:09  Terran Vehicle Weapons Level 2  
  144  10:14  Hellbat, SCV  
  144  10:15  Siege Tank  
  144  10:16  SCV  
  144  10:18  Command Center  
  144  10:20  Command Center  
  148  10:27  Hellbat  
  150  10:35  Hellbat x2  
  154  10:36  Hellbat  
  154  10:39  Infernal Pre-Igniter  
  154  10:40  Smart Servos  
  156  10:47  Hellion  
  156  10:48  Hellion  
  160  10:56  Siege Tank  
  163  10:57  Siege Tank  
  163  10:59  Hellbat  
  168  11:04  Terran Vehicle And Ship Armor Level 2  
  168  11:08  Siege Tank  
  168  11:10  Hellbat  
  173  11:20  Hellbat  
  175  11:28  Siege Tank  
  175  11:29  Thor  
  175  11:31  Hellbat  
  186  11:40  Siege Tank  
  186  11:42  Hellbat  
  157  11:59  Hellbat  
  157  12:00  Siege Tank  
  158  12:03  Hellbat  
  160  12:12  Siege Tank  
  160  12:13  Siege Tank  
  166  12:18  SCV x3  
  166  12:20  Hellbat  
  171  12:25  Hellbat  
  171  12:32  Siege Tank  
  174  12:42  Hellbat  
  174  12:44  Thor x2  
  188  12:55  Planetary Fortress  
  188  13:04  Thor  
  194  13:08  Refinery  
  194  13:12  Refinery  
  193  13:20  Hellbat  
  193  13:21  Hellbat  
  191  13:27  Siege Tank x2  
  176  13:42  Hellbat x2  
  176  13:47  Siege Tank  
  183  13:56  Planetary Fortress  
  183  13:59  Siege Tank  
  183  14:00  Siege Tank  
  189  14:03  Hellbat x2  
  193  14:14  Factory  
  193  14:15  Factory  
  193  14:16  Factory x2  
  193  14:19  Thor  
  193  14:21  Factory  
Show
View Real Time Build Order
Export as new Build Order

ImpriG Protoss 

Build Orders:  

Get SALT Encoding   

  12  0:01  Probe (Chrono Boost)  
  13  0:15  Probe (Chrono Boost)  
  13  0:19  Pylon  
  14  0:50  Gateway  
  14  0:52  Probe  
  15  0:58  Assimilator  
  15  1:04  Probe  
  16  1:16  Probe (Chrono Boost)  
  17  1:28  Probe (Chrono Boost)  
  18  1:36  Probe (Chrono Boost)  
  19  1:42  Probe  
  20  1:48  Nexus  
  20  1:53  Pylon  
  20  1:55  Probe  
  20  2:01  Cybernetics Core  
  21  2:07  Probe (Chrono Boost)  
  22  2:09  Assimilator  
  22  2:19  Probe (Chrono Boost)  
  23  2:24  Probe (Chrono Boost)  
  24  2:33  Probe  
  25  2:41  Stalker  
  27  2:46  Gateway  
  27  2:48  Robotics Facility  
  25  3:14  Probe x2  
  25  3:19  Stalker (Chrono Boost)  
  27  3:26  Probe (Chrono Boost)  
  30  3:31  Probe (Chrono Boost)  
  30  3:35  Observer  
  30  3:38  Probe (Chrono Boost)  
  33  3:41  Probe (Chrono Boost)  
  33  3:42  Probe (Chrono Boost)  
  34  3:50  Probe  
  35  3:56  Immortal  
  39  4:04  Probe (Chrono Boost)  
  39  4:09  Probe (Chrono Boost)  
  41  4:10  Stalker  
  41  4:11  Stalker, Pylon  
  41  4:12  Warp Gate  
  41  4:14  Probe (Chrono Boost)  
  46  4:26  Pylon  
  46  4:29  Probe x2, Pylon  
  48  4:41  Probe x2  
  50  4:52  Gateway  
  50  4:55  Gateway  
  50  5:06  Observer  
  50  5:08  Observer  
  50  5:11  Immortal  
  54  5:17  Robotics Facility  
  54  5:21  Probe  
  54  5:22  Probe  
  54  5:27  Assimilator  
  56  5:31  Assimilator  
  56  5:33  Probe  
  56  5:34  Probe  
  58  5:46  Probe x2  
  59  5:58  Probe x2 (Chrono Boost)  
  61  6:09  Probe x2 (Chrono Boost)  
  63  6:13  Immortal, Probe x2 (Chrono Boost)  
  69  6:22  Pylon  
  69  6:24  Probe (Chrono Boost), Pylon  
  70  6:28  Pylon  
  70  6:31  Pylon  
  70  6:37  Probe  
  70  6:38  Probe  
  76  6:40  Immortal  
  76  6:42  Nexus  
  76  6:44  Pylon  
  76  6:47  Pylon  
  76  6:49  Probe  
  76  6:50  Stalker x3, Probe  
  76  6:51  Stalker, Assimilator  
  86  6:54  Assimilator  
  86  7:01  Probe  
  86  7:02  Probe  
  86  7:04  Immortal  
  92  7:19  Pylon  
  92  7:22  Pylon  
  92  7:24  Probe x2  
  94  7:31  Stalker x3  
  94  7:32  Stalker  
  94  7:36  Probe  
  94  7:37  Probe  
  104  7:41  Immortal  
  108  7:48  Probe  
  108  7:49  Probe  
  110  7:52  Pylon  
  110  8:01  Forge, Twilight Council  
  110  8:03  Forge  
  110  8:05  Probe x3  
  113  8:17  Probe x2  
  113  8:18  Probe  
  114  8:29  Nexus  
  110  8:56  Protoss Ground Armor Level 1 (Chrono Boost)  
  110  8:57  Protoss Ground Weapons Level 1 (Chrono Boost)  
  110  8:58  Gateway  
  110  9:00  Gateway x2  
  110  9:03  Blink (Chrono Boost)  
  110  9:05  Gateway x2  
  110  9:11  Templar Archives  
  110  9:13  Pylon  
  110  9:16  Probe x3, Pylon  
  113  9:18  Assimilator  
  113  9:19  Stalker  
  113  9:20  Stalker x3  
  113  9:22  Assimilator  
  121  9:28  Probe x3  
  124  9:36  Immortal x2  
  132  9:40  Probe x3  
  132  9:44  Stalker x3  
  141  9:51  Psionic Storm  
  141  9:52  Probe x2  
  143  10:02  High Templar  
  143  10:03  High Templar x5  
  155  10:14  Archon  
  155  10:17  Archon  
  155  10:18  Archon  
  155  10:23  Probe x2  
  155  10:24  Probe  
  158  10:32  Immortal x2  
  166  10:35  Probe  
  166  10:36  Probe x2  
  169  10:43  Robotics Facility  
  169  10:47  Stalker x6, Probe  
  169  10:48  Stalker x3  
  188  10:54  Pylon  
  188  10:56  Pylon  
  188  10:58  Pylon  
  188  11:00  Protoss Ground Armor Level 2 (Chrono Boost)  
  188  11:01  Protoss Ground Weapons Level 2 (Chrono Boost)  
  188  11:06  Charge  
  188  11:35  Nexus  
  188  11:39  Assimilator  
  188  11:40  Pylon  
  188  11:42  Assimilator  
  188  11:44  Pylon  
  84  12:04  Immortal x2 (Chrono Boost)  
  84  12:05  Stalker x9  
  84  12:07  Immortal (Chrono Boost)  
  112  12:26  Immortal  
  112  12:30  Stalker x4  
  112  12:31  Stalker x5, Immortal x2  
  142  13:04  Stalker  
  142  13:05  Stalker x8  
  160  13:06  Immortal (Chrono Boost)  
  160  13:10  Immortal (Chrono Boost)  
  172  13:13  Immortal (Chrono Boost)  
  82  13:38  Stalker  
  82  13:39  Stalker x7  
  86  13:54  Stalker  
  88  13:57  Immortal x2 (Chrono Boost)  
  88  13:59  Immortal  
  100  14:32  Immortal (Chrono Boost)  
  100  14:38  Immortal x2 (Chrono Boost)  
  112  14:48  Stalker x3  
  118  14:53  Nexus  
  118  14:54  Zealot x3  
  118  14:55  Pylon  
  118  14:57  Pylon  
  124  15:04  Immortal  
  128  15:16  Probe  
  128  15:17  Probe x3  
  130  15:28  Probe  
  130  15:29  Probe x3  
  110  15:40  Probe  
  110  15:41  Probe x2  
Tags
 
Composition
Mech
League
GoldGold
Matchup
PvT
Spawn Locations
Cross Positions
Add a new tag
Caveats
  • Supply blocks, unpowered buildings, or Contaminate may cause inaccurate times.
  • Supply counts are checked every 10 seconds.